 Dungeon Crawl Stone Soup version 0.31-a0-889-g1a8549509d (webtiles) character file.

Game seed: 13829618884298634644

2 Kuronicle the Changeling (level 1, -3/15 HPs)
             Began as a Demonspawn Shapeshifter on Oct 16, 2023.
             Slain by a gnoll
             ... wielding a +0 flail
              (5 damage)
             ... on level 1 of the Dungeon.
             The game lasted 00:00:27 (89 turns).

Kuronicle the Changeling (Demonspawn Shapeshifter)    Turns: 89, Time: 00:00:28

Health: -3/15      AC:  5    Str: 14    XL:     1   Next: 25%
Magic:  1/1        EV: 10    Int: 11    God:
Gold:   8          SH:  0    Dex: 12    Spells: 0/0 levels left

rFire   . .          .
                       - Unarmed
rCold   . . .        (no shield)
rNeg    . . .        e - +0 ring mail
rPois   .            (helmet currently unavailable)
rElec   .            (cloak currently unavailable)
rCorr   .            (gloves currently unavailable)
SInv    .            (boots currently unavailable)
Will    .....        (no amulet)
Stlth   +            (no ring)
HPRegen 0.22/turn    (no ring)
MPRegen 0.07/turn

%: no passive effects
@: beast-form
A: beast (slay +1)
a: Begin Untransformation


You were on level 1 of the Dungeon.
You were a hulking beast.
You visited 1 branch of the dungeon, and saw 1 of its levels.

You collected 8 gold pieces.

Inventory:

Armour
 a - a +0 animal skin
 e - a +0 ring mail (worn)
 f - a +0 pair of gloves
Talismans
 c - a beast talisman (active)
 d - a flux talisman
Potions
 b - a potion of lignification


   Skills:
 * Level 1.0 Fighting
 * Level 1.7 Dodging
 + Level 2.6 Unarmed Combat
 + Level 2.8 Shapeshifting


You couldn't memorise any spells.
You didn't know any spells.
Your spell library was empty.

Dungeon Overview and Level Annotations

Branches:
Dungeon (1/15)

Altars:


Message History

The bat is severely wounded.
The bat completely misses you.
Found a ring mail, a leather armour and 8 gold pieces.
The bat barely misses you.
You hit the bat.
You kill the bat!
No target in view!
Found a robe.
You now have 8 gold pieces.
A rat comes into view.
A rat is nearby!
The rat bites you but does no damage.
You hit the rat.
You kill the rat!
No target in view!
You see here a +0 ring mail.
You can't go down here!
e - a +0 ring mail You start removing your armour.
You continue taking off your +0 animal skin. x4
You finish taking off your +0 animal skin.
You start putting on your armour.
You continue putting on your +0 ring mail. x5
You finish putting on your +0 ring mail.
Found a pair of gloves.
You see here a +0 pair of gloves.
A gnoll comes into view. It is wielding a +0 flail.
You see here a +0 pair of gloves.
f - a +0 pair of gloves The gnoll hits you with a +0 flail.
The gnoll hits you with a +0 flail!
Ouch! That really hurt!
* * * LOW HITPOINT WARNING * * *
You hit the gnoll.
The gnoll is moderately wounded.
The gnoll hits you but does no damage.
You completely miss the gnoll.
The gnoll is moderately wounded.
The gnoll hits you with a +0 flail.
You die...

##.# #.# ...###.# #. .#
.....[.# #. .# ##...#.#
#. .# ##...#[# .#.#####
.......########........
..............##.....
.......######.##..######
##...### #...h.......
##...# ####g.######
####### #..# .......
#..# ####### #..# # #...
########.# ....#
......†..# ###..
#########....


You could see a gnoll.

Vanquished Creatures
  A bat (D:1)
  A rat (D:1)
2 creatures vanquished.

Notes
Turn   | Place    | Note
-------+----------+-------------------------------------------
     0 | D:1      | Kuronicle the Demonspawn Shapeshifter began the quest for
                  | the Orb.
     0 | D:1      | Reached XP level 1. HP: 15/15 MP: 1/1
    89 | D:1      | Slain by a gnoll

Illustrated notes

Levels and vault maps discovered:
D:1:      ncdulo_smallfort, layout_loops_ring

Action                     || total
---------------------------++-------
  Melee: Unarmed           ||     7
 Armour: Ring mail         ||     4
         Animal skin       ||     3
  Dodge: Dodged            ||     4

Table legend: (Time is in decaauts)
 A = Elapsed time spent in this place.
 B = Non-inter-level travel time spent in this place.
 C = Inter-level travel time spent in this place.
 D = Time resting spent in this place.
 E = Time spent auto-exploring this place.
 F = Levels seen in this place.
 G = Mean time per level.
                   A        B        C        D        E       F      G
               +--------+--------+--------+--------+--------+-----+--------+
         Total |     88 |     70 |     18 |      0 |     34 |   1 |   88.0 |
       Dungeon |     88 |     70 |     18 |      0 |     34 |   1 |   88.0 |
               +--------+--------+--------+--------+--------+-----+--------+

Top non-repeatable levels by time:
     D:1: 88 daAuts
